 Dungeon Crawl Stone Soup version 0.31-a0-214-gb37851dbb3 (webtiles) character file.

Game seed: 18118929117637410794

83 qw the Shooter (level 4, -2/36 HPs)
             Began as a Minotaur Hexslinger on June 30, 2023.
             Killed from afar by Sigmund (6 damage)
             ... with a magic dart
             ... on level 2 of the Dungeon.
             The game lasted 00:00:27 (1267 turns).

qw the Shooter (Minotaur Hexslinger)                Turns: 1267, Time: 00:00:27

Health: -2/36      AC:  3    Str: 13    XL:     4   Next: 22%
Magic:  4/4        EV: 12    Int: 10    God:
Gold:   82         SH:  0    Dex: 12    Spells: 4/5 levels left

rFire   . . .        Y - +1 sling
rCold   . . .        (no shield)
rNeg    . . .        c - +0 robe
rPois   .            (helmet restricted)
rElec   .            (no cloak)
rCorr   .            (no gloves)
SInv    .            e - +0 pair of boots
Will    .....        (no amulet)
Stlth   +            (no ring)
HPRegen 0.26/turn    (no ring)
MPRegen 0.09/turn

%: no passive effects
@: confused
A: horns 2, retaliatory headbutt, clumsy 1
a: no special abilities


You were on level 2 of the Dungeon.
You visited 1 branch of the dungeon, and saw 2 of its levels.

You collected 82 gold pieces.


Innate Abilities, Weirdness & Mutations

You have a pair of horns on your head.
You reflexively headbutt those who attack you in melee.
You are clumsy. (Dex -2)


   Skills:
 - Level 2.0 Fighting
 + Level 4.7 Ranged Weapons
 - Level 2.1 Dodging
 - Level 1.0 Spellcasting
 - Level 2.0 Hexes


You had 4 spell levels left.
You knew the following spells:

 Your Spells              Type           Power      Damage    Failure   Level
a - Slow                  Hex            16%        N/A       16%         1

Your spell library contained the following spells:

 Spells                   Type           Power      Damage    Failure   Level
 Inner Flame              Hex/Fire       2%         N/A       56%         3
 Portal Projectile        Hex/Tloc       4%         N/A       56%         3
 Cause Fear               Hex            2%         N/A       83%         4

Inventory:

Hand Weapons
 Y - a +1 sling (weapon)
Armour
 c - a +0 robe (worn)
 e - a +0 pair of boots (worn)
Scrolls
 a - a scroll of teleportation {unknown}
 g - a scroll of acquirement {unknown}
Potions
 b - a potion of attraction {unknown}
 d - a potion of mutation
 f - a potion of degeneration {unknown}
 j - a potion of haste {unknown}

Dungeon Overview and Level Annotations

Branches:
Dungeon (2/15)

Altars:
Gozag

Annotations:
D:2 Sigmund


Message History

Sigmund shouts!
Sigmund is lightly wounded.
You shoot a sling bullet.
The sling bullet closely misses Sigmund.
Sigmund says, "Your kind have come here before.
I understand now why.
You desire death..."
An adder comes into view.
Sigmund gestures at you while chanting. The puff of flame hits you.
You shoot a sling bullet.
The sling bullet closely misses Sigmund.
The adder hisses angrily.
You shoot a sling bullet.
The sling bullet closely misses Sigmund.
Sigmund hits you from afar with a +0 scythe!
You shoot a sling bullet. The sling bullet hits Sigmund.
Sigmund is moderately wounded.
Sigmund hits you from afar with a +0 scythe.
You shoot a sling bullet. The sling bullet hits Sigmund.
Sigmund is moderately wounded.
You shoot a sling bullet.
The sling bullet barely misses the adder.
The sling bullet hits Sigmund.
Sigmund is moderately wounded.
The adder closely misses you.
Sigmund hits you from afar with a +0 scythe!
You shoot a sling bullet. The sling bullet hits the adder.
The adder is lightly wounded.
The adder closely misses you. You furiously retaliate!
You headbutt the adder. Sigmund misses you. The adder closely misses you.
You shoot a sling bullet. The sling bullet hits the adder.
You kill the adder!
Sigmund points at you and mumbles some strange words.
You are confused.
Sigmund gestures at you while chanting. The puff of flame hits you.
Sigmund points at you and mumbles some strange words.
The magic dart hits you! Sigmund casts a spell at you. The magic dart hits you.
You die...

..........##..##...###.####...###
.##.....##....##.%............%..
.##...##...##.##...###..........#
.................### #...........
#(..#....##...#### ##.###...###
....#..#......# #.# #...###
...#......##..# #.# ###...
...#..#.......##### #.# #.....
..#...#.#.......@"# ).# #.....
.%#.#...#......##.# #.# #...##
.#..#..........# .@. #.#####..##
.#...........### #..# #.........%
....##...###.### ....#.####.....
....####......<# ##.##........##
............#### .. .#####..#
_..#.###.##.# .# #..# .....#
#.##.# #.###


You could see Sigmund.

Vanquished Creatures
  Jessica (D:2)
  2 adders (D:2)
  A dart slug (D:1)
  3 ball pythons
  4 bats (D:1)
  2 endoplasms (D:1)
  2 giant cockroaches (D:1)
  2 goblins (D:1)
  6 hobgoblins
  2 jackals (D:1)
  3 quokkas
  2 frilled lizards
  A kobold (D:2)
  4 rats
35 creatures vanquished.

Notes
Turn   | Place    | Note
-------+----------+-------------------------------------------
     0 | D:1      | qw the Minotaur Hexslinger began the quest for the Orb.
     0 | D:1      | Reached XP level 1. HP: 16/16 MP: 1/1
     0 | D:1      | 0 ||| qw: Version: 0.3-a-32-g5962c71
     0 | D:1      | 0 ||| qw: Game counter: 7319
     0 | D:1      | 0 ||| qw: Melee chars always use a shield: true
     0 | D:1      | 0 ||| qw: God list: Okawaru
     0 | D:1      | 0 ||| qw: Allow faded altars: false
     0 | D:1      | 0 ||| qw: Do Orc after clearing Dungeon:15 true
     0 | D:1      | 0 ||| qw: Do second Lair branch before Depths: true
     0 | D:1      | 0 ||| qw: Lair rune preference: random
     0 | D:1      | 0 ||| qw: Goals: Normal
     0 | D:1      | 0 ||| PLANNING D:1-11
   212 | D:1      | Reached skill level 3 in Ranged Weapons
   212 | D:1      | Reached XP level 2. HP: 23/23 MP: 2/2
   545 | D:1      | Reached XP level 3. HP: 29/29 MP: 3/3
   862 | D:1      | 862 ||| UPGRADING to +0 pair of boots.
   867 | D:1      | 867 ||| READING scroll labelled PARYEMN SUXE.
   868 | D:1      | 868 ||| READING scroll labelled KOBOSAEWIA.
   869 | D:1      | 869 ||| READING scroll labelled BILEUL CULY.
   870 | D:1      | 870 ||| DRINKING 2 cyan potions.
   870 | D:1      | Gained mutation: You are clumsy. (Dex -2) [potion of
                  | mutation]
   871 | D:1      | 871 ||| DROPPING scroll of poison.
  1069 | D:2      | Reached skill level 4 in Ranged Weapons
  1072 | D:2      | HP: 7/29 [quokka (2)]
  1211 | D:2      | Noticed Jessica
  1217 | D:2      | Killed Jessica
  1218 | D:2      | Reached XP level 4. HP: 36/36 MP: 4/4
  1226 | D:2      | Found an opulent altar of Gozag.
  1255 | D:2      | Noticed Sigmund
  1266 | D:2      | HP: 4/36 [Sigmund/magic dart (8)]
  1267 | D:2      | Killed from afar by Sigmund

Levels and vault maps discovered:
D:1:      minmay_arrival_three_doors, layout_basic
D:2:      layout_loops_ring, basic_altar, hangedman_decor_peaks_small,
          minmay_misc_feat_alley, uniq_jessica, uniq_sigmund

Skill      XL: |  1  2  3 |
---------------+----------+-----
Ranged Weapons | 3 4 |  4.7
Fighting       | 2 |  2.0
Dodging        | |  2.1
Spellcasting   | |  1.0
Hexes          | |  2.0

Action                     |  1- 3 |  4- 6 || total
---------------------------+-------+-------++-------
   Fire: Sling             |    99 |     9 ||   108
    Use: Scroll            |     3 |       ||     3
         Potion            |     1 |       ||     1
 Armour: Robe              |    16 |       ||    16
  Dodge: Dodged            |    37 |     4 ||    41

Table legend:
 A = Non-vault XP
 B = Vault XP
 C = Vault XP percentage of total XP
 D = Non-vault monster count
 E = Vault monster count
 F = Vault count percentage of total count
                 A         B        C        D         E       F
            +---------+---------+-------+---------+---------+-------
      Total |      82 |      37 |  31.1 |      34 |       1 |   2.9
            +---------+---------+-------+---------+---------+-------
        D:1 |      42 |       0 |   0.0 |      23 |       0 |   0.0
        D:2 |      40 |      37 |  48.1 |      11 |       1 |   8.3
            +---------+---------+-------+---------+---------+-------
